 Dungeon Crawl Stone Soup version 0.30.0-19-g36f170ea60 (webtiles) character file.

Game seed: 17069660624727031958

19069 cdecastro the Brawler (level 12, -2/115 HPs)
             Began as a Troll Fighter on May 27, 2023.
             Was a Priest of Wu Jian.
             Killed from afar by a will-o-the-wisp (20 damage)
             ... with a foxfire
             ... on level 2 of the Abyss.
             The game lasted 00:28:13 (9949 turns).

cdecastro the Brawler (Troll Fighter)               Turns: 9949, Time: 00:28:14

Health: -2/115     AC:  6    Str: 29    XL:     12   Next: 33%
Magic:  11/11      EV: 25    Int: 10    God:    Wu Jian [***...]
Gold:   750        SH:  9    Dex: 11    Spells: 11/11 levels left

rFire   . .          .
                       - Unarmed
rCold   . . .        b - +0 kite shield
rNeg    + . .        W - +0 troll leather armour
rPois   +            Y - +0 hat {Stlth+}
rElec   .            (no cloak)
rCorr   .            (gloves unavailable)
SInv    .            (boots unavailable)
Will    .....        k - amulet of the acrobat
Stlth   ++           m - ring "Xirghuycu" {rN+ Int+6}
HPRegen 1.99/turn    K - ring of poison resistance
MPRegen 0.12/turn

%: acrobat
@: acrobatic
A: large, unfitting armour, claws 3, regeneration 1, shaggy fur 1, tough skin 1
a: Renounce Religion, Wall Jump, Serpent's Lash


You were on level 2 of the Abyss.
You worshipped Wu Jian.
Wu Jian was most pleased with you.
You visited 1 branch of the dungeon, and saw 11 of its levels.
You visited the Abyss 1 time.
You also visited: Sewer.

You collected 750 gold pieces.

Inventory:

Hand Weapons
 A - a +5 short sword
Missiles
 o - 4 throwing nets
 v - 18 poisoned darts
 B - 4 boomerangs (quivered)
 P - 3 javelins
 Z - 11 large rocks
Armour
 b - a +0 kite shield (worn)
 W - a +0 troll leather armour (worn)
 Y - a +0 hat of stealth (worn)
Jewellery
 k - an amulet of the acrobat (around neck)
 m - the ring "Xirghuycu" (left claw) {rN+ Int+6}
   (You found it on level 9 of the Dungeon)

   [ring of positive energy]

   Int:       It affects your intelligence (+6).
   rN:        It protects you from negative energy.
 n - a ring of protection from cold
 p - a +6 ring of strength
 w - a +6 ring of intelligence
 E - a ring of protection from cold
 K - a ring of poison resistance (right claw)
 L - a ring of flight
 R - a ring of see invisible
Wands
 a - a wand of mindburst (7)
 T - a wand of paralysis (6)
 U - a wand of digging (5)
 V - a wand of iceblast (18)
 X - a wand of flame (14)
Scrolls
 d - 4 scrolls of enchant armour
 e - 3 scrolls of amnesia {unknown}
 f - 2 scrolls of brand weapon {unknown}
 h - 3 scrolls of silence
 j - 3 scrolls of blinking {unknown}
 q - 3 scrolls of teleportation
 r - 2 scrolls of enchant weapon {unknown}
 y - 4 scrolls of noise
 z - 4 scrolls of fog {unknown}
 D - 2 scrolls of poison {unknown}
 H - 2 scrolls of immolation {unknown}
 J - a scroll of fear {unknown}
 M - a scroll of acquirement {unknown}
 N - a scroll of vulnerability {unknown}
 O - a scroll of butterflies {unknown}
Potions
 c - a potion of might
 i - 9 potions of attraction
 l - 3 potions of brilliance
 s - 3 potions of haste
 t - a potion of degeneration
 u - 5 potions of curing
 x - a potion of heal wounds
 C - 2 potions of resistance
 F - a potion of lignification
 G - a potion of magic
 I - 2 potions of mutation
 Q - a potion of flight {unknown}
 S - a potion of ambrosia {unknown}


   Skills:
 + Level 6.4 Fighting
 - Level 5.0 Throwing
 - Level 5.0 Armour
 - Level 5.0 Dodging
 - Level 5.0 Shields
 - Level 16.0 Unarmed Combat


You had 11 spell levels left.
You didn't know any spells.
Your spell library contained the following spells:

 Spells                   Type           Power      Damage    Failure   Level
 Magic Dart               Conj           0%         1d3       61%         1
 Summon Small Mammal      Summ           0%         N/A       61%         1
 Ensorcelled Hibernation  Hex/Ice        0%         N/A       75%         2
 Passwall                 Tmut/Erth      0%         N/A       75%         2
 Poisonous Vapours        Pois/Air       0%         N/A       75%         2
 Call Canine Familiar     Summ           0%         N/A       93%         3
 Mephitic Cloud           Conj/Pois/Air  0%         N/A       93%         3
 Summon Guardian Golem    Hex/Summ       0%         N/A       93%         3
 Swiftness                Air            0%         N/A       93%         3
 Sticky Flame             Conj/Fire      0%         2d3       100%        4
 Freezing Cloud           Conj/Ice/Air   0%         6-21      100%        5
 Iskenderun's Battlesphe  Conj           0%         2d6       100%        5
 Summon Forest            Summ/Tloc      0%         N/A       100%        5
 Summon Mana Viper        Hex/Summ       0%         N/A       100%        5
 Conjure Ball Lightning   Conj/Air       0%         3x3d6     100%        6
 Eringya's Noxious Bog    Tmut/Pois      0%         N/A       100%        6
 Summon Cactus Giant      Summ           0%         N/A       100%        6
 Summon Hydra             Summ           0%         N/A       100%        7


Dungeon Overview and Level Annotations

Branches:
Dungeon (11/15)            Temple (0/1) D:4            Lair (0/5) D:10
    Orc (0/2) D:11          Sewer (visited)

Altars:
Ashenzari
Cheibriados
Dithmenos
Elyvilon
Gozag
Hepliaklqana
Kikubaaqudgha
Nemelex Xobeh
Okawaru
Qazlal
Ru
Sif Muna
Trog
Uskayaw
Wu Jian
Yredelemnul

Shops:
D:4 [   D:11 =

Annotations:
D:2 1 runed translucent door, Crazy Yiuf
D:4 1 runed translucent door, phonic's ghost, novice SpHs


Innate Abilities, Weirdness & Mutations

You are too large for most types of armour.
You have claws for hands.
Your natural rate of healing is unusually fast.
You are covered in fur. (AC +1)
You have tough skin. (AC +1)


Message History

You throw a boomerang. The boomerang hits the will-o-the-wisp!
The will-o-the-wisp is moderately damaged.
The foxfire hits you!!
Throw: 4 boomerangs
Press: ? - help, Q - select action, (/) - cycle Shift-Dir - straight line, f/p - will-o-the-wisp
Aim: a will-o-the-wisp (wisps of flame, moderately damaged, 62% to hit)
You throw a boomerang. The boomerang hits the will-o-the-wisp!
The will-o-the-wisp is severely damaged.
The foxfire hits you!
The will-o-the-wisp blinks!
You start resting.
A will-o-the-wisp is nearby!
Throw: 4 boomerangs
Press: ? - help, Q - select action, (/) - cycle Shift-Dir - straight line, f/p - will-o-the-wisp
Aim: a will-o-the-wisp (severely damaged, 62% to hit)
You throw a boomerang.
The boomerang closely misses the will-o-the-wisp.
The will-o-the-wisp gestures.
The will-o-the-wisp conjures some foxfire! 2 foxfires come into view.
Throw: 4 boomerangs
Press: ? - help, Q - select action, (/) - cycle Shift-Dir - straight line, f/p - will-o-the-wisp
Aim: a will-o-the-wisp (severely damaged, 62% to hit)
You throw a boomerang.
The boomerang closely misses the foxfire.
The boomerang barely misses the will-o-the-wisp.
The foxfire hits you!
The will-o-the-wisp gestures.
The will-o-the-wisp conjures some foxfire!
The foxfire hits you!!
* * * LOW HITPOINT WARNING * * *
A foxfire comes into view.
The foxfire hits you!!
* * * LOW HITPOINT WARNING * * *
The will-o-the-wisp gestures.
The will-o-the-wisp conjures some foxfire!
A foxfire comes into view.
Unknown command.
A foxfire comes into view.
The foxfire hits you!!
You die...

.# .# .#
.### ..§.
##v§##.#
#§v§..# #v#
. #@# . ..
#.# #.# .# #
#.# .#..#
##.####.#..#
#.#
#.........
#### #
.>#### .....
.. # #.# #
#### # . #.
# ..... ...#
. .. # .#
.#.# ##


You could see a will-o-the-wisp.

Vanquished Creatures
  2 tentacled starspawn (Abyss:2)
  Harold (D:10)
  2 two-headed ogres (D:9)
  2 orc knights (D:11)
  2 manticores (D:10)
  A centaur zombie (D:10)
  A smoke demon (Abyss:2)
  Maggie (D:6)
  A kobold demonologist (D:9)
  2 komodo dragons
  An ancient zyme (Abyss:2)
  3 trolls
  4 large abominations (D:11)
  Grinder (Sewer)
  Prince Ribbit (D:6)
  A wraith (D:8)
  4 starcursed masses (Abyss:2)
  6 small abominations (D:11)
  A wyvern (D:9)
  13 yaks
  A shadow (D:10)
  2 vampires
  A basilisk (D:11)
  Grum (D:11)
  2 vampire mosquitoes (D:10)
  2 acid dragons (D:8)
  Menkaure (D:4)
  3 water moccasins
  2 ice beasts
  2 sky beasts
  7 orc warriors
  A black bear (D:6)
  2 wolves
  5 ogres
  3 centaurs
  2 phantoms
  2 kobold brigands (Sewer)
  Blork the orc (D:6)
  5 bullfrogs
  A gnoll sergeant (D:7)
  5 scorpions
  7 wights
  12 killer bees
  A howler monkey (D:10)
  An iron imp (D:8)
  2 hounds (D:5)
  11 orc priests
  2 jellies
  A gnoll bouda (D:4)
  2 iguanas
  5 orc wizards
  A howler monkey zombie (D:10)
  Robin (D:2)
  16 gnolls
  2 adders
  2 river rats (D:4)
  6 shadow imps (Sewer)
  5 ufetubi
  3 worms
  2 dart slugs (D:1)
  48 orcs
  13 ball pythons
  8 bats
  7 endoplasms
  6 giant cockroaches
  14 hobgoblins
  5 jackals
  6 quokkas
  2 frilled lizards (D:2)
  18 goblins
  18 kobolds
  A kobold zombie (Sewer)
  4 rats
333 creatures vanquished.

Vanquished Creatures (others)
  2 orcs (D:6)
  5 foxfires (Abyss:2)
  7 starspawn tentacles (Abyss:2)
14 creatures vanquished.

Grand Total: 347 creatures vanquished

Notes
Turn   | Place    | Note
-------+----------+-------------------------------------------
     0 | D:1      | cdecastro the Troll Fighter began the quest for the Orb.
     0 | D:1      | Reached XP level 1. HP: 22/22 MP: 0/0
   137 | D:1      | Found a faded altar of an unknown god.
   139 | D:1      | Reached XP level 2. HP: 29/29 MP: 1/1
   153 | D:1      | Reached skill level 3 in Unarmed Combat
   460 | D:2      | Reached XP level 3. HP: 36/36 MP: 2/2
   509 | D:2      | Reached skill level 4 in Unarmed Combat
   778 | D:2      | Reached XP level 4. HP: 44/44 MP: 3/3
   819 | D:2      | Found a runed translucent door.
   820 | D:2      | Noticed Crazy Yiuf
   977 | D:2      | Noticed Robin
  1035 | D:2      | Killed Robin
  1455 | D:3      | Noticed a centaur
  1467 | D:2      | Reached skill level 5 in Unarmed Combat
  1515 | D:3      | Killed a centaur
  1516 | D:3      | Reached XP level 5. HP: 42/50 MP: 4/4
  1702 | D:3      | Found a shimmering blue altar of Sif Muna.
  2085 | D:4      | Found Rybrot's Antique Armour Shoppe.
  2097 | D:4      | Noticed Menkaure
  2101 | D:4      | Killed Menkaure
  2102 | D:4      | Reached skill level 6 in Unarmed Combat
  2102 | D:4      | Reached XP level 6. HP: 59/59 MP: 5/5
  2251 | D:4      | Found a staircase to the Ecumenical Temple.
  2412 | D:4      | Reached skill level 7 in Unarmed Combat
  2481 | D:4      | Found a glowing drain.
  2485 | Sewer    | Entered a sewer
  2608 | Sewer    | Found an ancient bone altar of Kikubaaqudgha.
  2644 | Sewer    | Reached XP level 7. HP: 41/66 MP: 6/6
  2670 | Sewer    | Noticed Grinder
  2677 | Sewer    | Paralysed by Grinder for 3 turns
  2692 | Sewer    | Reached skill level 8 in Unarmed Combat
  2698 | Sewer    | Killed Grinder
  2733 | Sewer    | Reached skill level 9 in Unarmed Combat
  3068 | D:4      | Found a runed translucent door.
  3435 | D:4      | Noticed phonic's ghost (novice SpHs)
  3471 | D:4      | Reached XP level 8. HP: 65/74 MP: 7/7
  3614 | D:5      | Entered Level 5 of the Dungeon
  3701 | D:4      | Reached skill level 10 in Unarmed Combat
  3978 | D:5      | Found an opulent altar of Gozag.
  4151 | D:5      | Reached skill level 5 in Fighting
  4542 | D:6      | Noticed Blork the orc
  4577 | D:6      | Killed Blork the orc
  4629 | D:6      | Reached XP level 9. HP: 69/88 MP: 8/8
  4692 | D:6      | Reached skill level 11 in Unarmed Combat
  4692 | D:6      | Reached skill level 1 in Throwing
  4715 | D:6      | Found a hazy altar of Hepliaklqana.
  4726 | D:6      | Found a hide-covered altar of Uskayaw.
  4896 | D:6      | Found a broken altar of Ashenzari.
  4967 | D:6      | You fall into a shaft and drop 2 floors!
  5339 | D:7      | Reached skill level 5 in Throwing
  5399 | D:6      | Noticed Maggie
  5425 | D:6      | Killed Maggie
  5496 | D:6      | Found an ornate altar of the Wu Jian Council.
  5545 | D:6      | Noticed Prince Ribbit
  5558 | D:6      | Reached skill level 12 in Unarmed Combat
  5560 | D:6      | Killed Prince Ribbit
  5795 | D:6      | Became a worshipper of the Wu Jian Council
  5920 | D:7      | Reached XP level 10. HP: 89/96 MP: 9/9
  6476 | D:8      | Identified the +6 plate armour of Sodd {Str-4 Int+6}
  6596 | D:8      | Reached skill level 5 in Shields
  6772 | D:8      | Found a white marble altar of Elyvilon.
  6992 | D:8      | Found a snail-covered altar of Cheibriados.
  7148 | D:9      | Noticed a two-headed ogre
  7162 | D:9      | Killed a two-headed ogre
  7163 | D:9      | Reached skill level 13 in Unarmed Combat
  7298 | D:9      | Identified the ring "Xirghuycu" {rN+ Int+6}
  7355 | D:9      | Found a stormy altar of Qazlal.
  7391 | D:9      | Found a sacrificial altar of Ru.
  7486 | D:9      | Reached * piety under Wu Jian
  7651 | D:9      | Found a shadowy altar of Dithmenos.
  7651 | D:9      | Found an iron altar of Okawaru.
  7679 | D:9      | Found a bloodstained altar of Trog.
  7688 | D:9      | Found an ancient bone altar of Kikubaaqudgha.
  7733 | D:9      | Noticed a two-headed ogre
  7738 | D:9      | Killed a two-headed ogre
  7739 | D:9      | Reached skill level 14 in Unarmed Combat
  7757 | D:9      | Found a sparkling altar of Nemelex Xobeh.
  7864 | D:10     | Entered Level 10 of the Dungeon
  7941 | D:10     | Reached XP level 11. HP: 86/102 MP: 10/10
  8103 | D:10     | Identified the +2 pair of gloves of Entitlement {rF+ rCorr}
  8204 | D:10     | Reached skill level 5 in Armour
  8284 | D:10     | Got Uroqin's Incunabulum of Phantasmal Outbursts
  8323 | D:10     | Found a basalt altar of Yredelemnul.
  8420 | D:10     | Found a staircase to the Lair.
  8635 | D:10     | Reached ** piety under Wu Jian
  8834 | D:11     | Reached skill level 15 in Unarmed Combat
  8836 | D:11     | Noticed Harold
  8840 | D:11     | Noticed Grum
  8859 | D:10     | Killed Harold
  8867 | D:11     | Killed Grum
  9216 | D:11     | Found Foalaz's One-of-a-Kind Rings.
  9304 | D:11     | Noticed an orc knight
  9333 | D:11     | Killed an orc knight
  9340 | D:11     | Reached skill level 5 in Dodging
  9382 | D:11     | Noticed an orc knight
  9411 | D:11     | Killed an orc knight
  9481 | D:11     | Found a staircase to the Orcish Mines.
  9625 | D:11     | Reached XP level 12. HP: 111/111 MP: 11/11
  9640 | D:11     | Reached *** piety under Wu Jian
  9686 | Abyss:2  | Cast into level 2 of the Abyss (a wizard)
  9714 | Abyss:2  | Found a corrupted altar of Lugonu.
  9735 | Abyss:2  | Noticed a tentacled starspawn
  9772 | Abyss:2  | Killed a tentacled starspawn
  9773 | Abyss:2  | Reached skill level 16 in Unarmed Combat
  9824 | Abyss:2  | Noticed a tentacled starspawn
  9832 | Abyss:2  | Killed a tentacled starspawn
  9841 | Abyss:2  | Noticed a starcursed mass
  9949 | Abyss:2  | Killed from afar by a will-o-the-wisp

Illustrated notes

Levels and vault maps discovered:
D:1:      dpeg_arrival_yet_another_circle, layout_rooms,
          dreamdust_ecumenical_altar_statues, serial_glass, glass_columns_a,
          glass_columns_a
D:2:      layout_loops_ring, uniq_robin, uniq_crazy_yiuf_cottage
D:3:      cheibrodos_helix_gallery, layout_loops_ring, led_sif_pool
D:4:      layout_loops_ring, minmay_temple_entry_nine_rooms, serial_shops, shop,
          gup_sewer_entry_spiral, ebering_ghost_reflecting_pool, uniq_menkaure
D:5:      layout_rooms, nicolae_overflow_hidden_temple
D:6:      layout_loops_ring, nicolae_ashenzari_panopticon, minitemple,
          kennysheep_mini, st_stairs_3, minivault_1, uniq_prince_ribbit1,
          uniq_maggie, uniq_blork_the_orc
D:7:      layout_loops_corners
D:8:      layout_loops_ring, slow_altar_2, mainiacjoe_overflow_boulevard
D:9:      layout_roguey, mainiacjoe_overflow_brackets,
          mainiacjoe_overflow_six_doors_small,
          nemelex_xobeh_ov_fountains_minmay, gammafunk_temple_overflow_statue,
          mainiacjoe_overflow_swirl
D:10:     layout_roguey, lemuel_zombie_altar_yredelemnul,
          grunt_lair_entry_orc_guard_hut
D:11:     layout_basic, david_orc_5, nicolae_shop_unique_rings, laboratory,
          uniq_grum, uniq_harold
Abyss:2:  base: D:2, hangedman_steaming_rock

Skill      XL: |  1  2  3  4  5  6  7  8  9 10 11 12 |
---------------+-------------------------------------+-----
Unarmed Combat | 3 4 5 6 7 9 10 12 14 15 16 | 16.0
Fighting       | 5 6 |  6.4
Throwing       | 5 |  5.0
Shields        | 3 5 |  5.0
Armour         | 3 5 |  5.0
Dodging        | 5 |  5.0

Action                     |  1- 3 |  4- 6 |  7- 9 | 10-12 || total
---------------------------+-------+-------+-------+-------++-------
  Melee: Unarmed           |   101 |   187 |   282 |   450 ||  1020
         Punch             |     1 |     3 |    12 |     5 ||    21
  Throw: Dart              |       |       |     1 |       ||     1
         Boomerang         |       |       |       |     5 ||     5
Ability: Lunge             |       |       |     2 |    25 ||    27
         Whirlwind         |       |       |       |     3 ||     3
  Evoke: Wand              |       |       |     7 |       ||     7
    Use: Potion            |       |       |     1 |     5 ||     6
         Scroll            |       |       |       |    13 ||    13
   Stab: Sleeping          |       |     1 |     2 |     2 ||     5
         Distracted        |       |       |       |     2 ||     2
 Armour: Robe              |    42 |    11 |       |       ||    53
         Animal skin       |       |    44 |    58 |       ||   102
         Steam dragon scal |       |       |     3 |     2 ||     5
         Troll leather arm |       |       |       |    40 ||    40
  Dodge: Dodged            |    50 |   135 |   126 |   115 ||   426
  Block: Kite shield       |     1 |       |       |    86 ||    87
